 Dungeon Crawl Stone Soup version 0.31-a0-1616-gbeaec30 (webtiles) character file.

Game seed: 10467657670558393860

378 Dorkslayer the Ducker (level 6, -2/42 HPs)
             Began as an Octopode Fighter on Jan 10, 2024.
             Slain by a hound (4 damage)
             ... on level 4 of the Dungeon.
             The game lasted 00:11:35 (2480 turns).

Dorkslayer the Ducker (Octopode Fighter)            Turns: 2480, Time: 00:11:35

Health: -2/42      AC:  1    Str: 15    XL:     6   Next: 74%
Magic:  6/6        EV: 14    Int: 10    God:
Gold:   76         SH:  0    Dex: 14    Spells: 5/5 levels left

rFire   . . .        f - +0 double sword (flame)
rCold   . . .        b - +0 buckler
rNeg    . . .        (helmet restricted)
rPois   .            (no amulet)
rElec   .            (no ring)
rCorr   .            (no ring)
SInv    .            (no ring)
Will    .....        (no ring)
Stlth   ++           (no ring)
HPRegen 0.27/turn    (no ring)
MPRegen 0.10/turn    (no ring)
                     (no ring)

%: no passive effects
@: confused, hasted, very quick
A: almost no armour, amphibious, 8 rings, camouflage 1, gelatinous body 1,
(nimble swimmer 1), tentacles
a: no special abilities


You were on level 4 of the Dungeon.
You visited 1 branch of the dungeon, and saw 4 of its levels.

You collected 218 gold pieces.
You spent 142 gold pieces at shops.

Inventory:

Hand Weapons
 a - a +0 long sword of flaming
 f - a +0 double sword of flaming (weapon)
 k - a +0 falchion
Armour
 b - a +0 buckler (worn)
Wands
 d - a wand of roots (6)
 e - a wand of charming (6)
 j - a wand of mindburst (20)
Scrolls
 c - a scroll of teleportation
 g - a scroll of identify
Potions
 h - a potion of haste
 i - a potion of brilliance
 l - a potion of mutation


   Skills:
 + Level 3.5 Fighting
 + Level 3.8 Long Blades
 * Level 4.7 Dodging
 + Level 3.5 Stealth
 + Level 3.5 Shields
 * Level 1.8 Evocations


You had 5 spell levels left.
You didn't know any spells.
Your spell library contained the following spells:

 Spells                   Type           Power      Damage    Failure   Level
 Tukima's Dance           Hex            0%         N/A       83%         3
 Passage of Golubria      Tloc           0%         N/A       99%         4
 Yara's Violent Unravell  Hex/Alch       0%         3d3       100%        5


Dungeon Overview and Level Annotations

Branches:
Dungeon (4/15)
 Temple: D:4-7

Altars:
Elyvilon

Shops:
D:4 =*


Innate Abilities, Weirdness & Mutations

You cannot wear most types of armour.
You are amphibious.
You can wear up to eight rings at the same time.
Your skin changes colour to match your surroundings (Stealth+).
Your rubbery body absorbs attacks. (AC +1, EV +1)
((You are camouflaged when in or above water. (Stealth+)))
You have tentacles for arms and can constrict up to eight enemies at once.


Message History

Deactivating autopickup; reactivate with Ctrl-A.
A hound comes into view.
Things that are here:
a +0 club; a +0 scale mail You barely miss something.
Your squeeze misses something. Something hits you.
You hear some strange, mumbled words.
A puff of flame appears from out of thin air!
The puff of flame hits you!
You miss something. Something hits you. x2
You miss something. Something barely misses you.
You miss something.
You hear some strange, mumbled words.
A puff of flame appears from out of thin air!
The puff of flame hits you.
You hear some strange, mumbled words.
You are confused.
You're too confused to move!
Something hits you.
You barely miss something. You tentacle-slap something.
Your squeeze misses something. Something hits you.
Something hits you but does no damage.
You feel yourself speed up. Something hits you.
You hear some strange, mumbled words.
A magic dart appears from out of thin air!
The magic dart hits you!
* * * LOW HITPOINT WARNING * * *
You bump into the rock wall.
You barely miss something. Your squeeze misses something.
You feel less confused. Something hits you.
* * * LOW HITPOINT WARNING * * *
You miss something.
You hear some strange, mumbled words.
You are confused.
Okay, then.
You are too confused!
You slice something!! You burn something!
Reactivating autopickup.
You feel a bit more experienced. The hound barely misses you.
You bump into the rock wall.
The hound bites you.
You die...

#>.......##.##.################
#.#.###..##...........#.∩.....+
#...###..#####.######.##.######
#.#..##.........###............
#.#....∩...#.#...##.#.##.######
# ##....##...[.................
###..####.#)#.##....#.######
#..# #.#h#.####..#..†..## ####
#.#@#.# #.......... ..#.#.#
#..#!....#.
..#.#.####..#.....#.
...#......#..#.....#.
..##......#....†...#. ###
#......#.#..#####.
#.....[#.##.# ###.
#......#.##.# #..<
#.#'####.##.# #...


You could see a hound.

Vanquished Creatures
  A black bear (D:4)
  An orc priest (D:4)
  2 orc wizards (D:4)
  6 gnolls
  8 adders
  3 ribbon worms
  A dart slug (D:2)
  7 orcs
  8 ball pythons
  7 endoplasms
  5 giant cockroaches
  7 goblins
  2 hobgoblins (D:1)
  2 jackals (D:2)
  2 kobolds
  2 quokkas
  5 bats
  3 frilled lizards
  6 rats
78 creatures vanquished.

Notes
Turn   | Place    | Note
-------+----------+-------------------------------------------
     0 | D:1      | Dorkslayer the Octopode Fighter began the quest for the
                  | Orb.
     0 | D:1      | Reached XP level 1. HP: 16/16 MP: 1/1
   180 | D:1      | Reached XP level 2. HP: 20/21 MP: 2/2
   788 | D:2      | Found a white marble altar of Elyvilon.
   799 | D:2      | Reached XP level 3. HP: 25/25 MP: 3/3
   947 | D:2      | Reached skill level 1 in Stealth
  1011 | D:2      | Reached skill level 4 in Dodging
  1011 | D:2      | Reached XP level 4. HP: 27/31 MP: 4/4
  1857 | D:3      | Reached XP level 5. HP: 36/36 MP: 5/5
  2017 | D:4      | Found Hetwych's General Store.
  2025 | D:4      | Bought a scroll of teleportation for 42 gold pieces
  2025 | D:4      | Bought a wand of roots (3) for 100 gold pieces
  2034 | D:4      | Noticed a black bear
  2037 | D:4      | Killed a black bear
  2039 | D:4      | Found Epett's Jewellery Shoppe.
  2049 | D:4      | Reached XP level 6. HP: 32/42 MP: 6/6
  2054 | D:4      | Reached skill level 1 in Evocations
  2229 | D:4      | Identified a scroll of acquirement
  2230 | D:4      | Acquired a +0 double sword of flaming
  2477 | D:4      | HP: 2/42 [something (4)]
  2480 | D:4      | Slain by a hound

Illustrated notes

Levels and vault maps discovered:
D:1:      dpeg_arrival_snail, layout_loops_ring, minmay_misc_feat_five
D:2:      layout_basic, basic_altar, fountainhead
D:3:      layout_rooms, minmay_statues_item, minmay_misc_feat_roman
D:4:      layout_basic, serial_shops, nicolae_square_shop, shop, shop

Skill      XL: |  1  2  3  4  5  6 |
---------------+-------------------+-----
Stealth        | 1 2 3 |  3.5
Dodging        | 4 |  4.7
Long Blades    | 3 |  3.8
Evocations     | 1 |  1.8
Fighting       | |  3.5
Shields        | |  3.5

Action                     |  1- 3 |  4- 6 || total
---------------------------+-------+-------++-------
  Melee: Long sword        |    54 |    71 ||   125
         Constrict         |    15 |    22 ||    37
         Tentacles         |     7 |    21 ||    28
         Punch             |     1 |     2 ||     3
         Double sword      |       |    34 ||    34
    Use: Potion            |     2 |     1 ||     3
         Scroll            |       |    10 ||    10
   Stab: Sleeping          |     3 |     7 ||    10
         Distracted        |       |     1 ||     1
 Armour: Skin              |    16 |    44 ||    60
  Dodge: Dodged            |    44 |    64 ||   108
  Block: Buckler           |    22 |    24 ||    46

Table legend: (Time is in decaauts)
 A = Elapsed time spent in this place.
 B = Non-inter-level travel time spent in this place.
 C = Inter-level travel time spent in this place.
 D = Time resting spent in this place.
 E = Time spent auto-exploring this place.
 F = Levels seen in this place.
 G = Mean time per level.
                   A        B        C        D        E       F      G
               +--------+--------+--------+--------+--------+-----+--------+
         Total |   2528 |   2528 |      0 |      0 |   1467 |   4 |  632.0 |
       Dungeon |   2528 |   2528 |      0 |      0 |   1467 |   4 |  632.0 |
               +--------+--------+--------+--------+--------+-----+--------+

Top non-repeatable levels by time:
     D:2: 857 daAuts
     D:1: 763 daAuts
     D:4: 507 daAuts
     D:3: 400 daAuts
